 Dungeon Crawl Stone Soup version 0.22-a0-422-g9628fc8 (webtiles) character file.

77 Goblin1989 the Chopper (level 4, -1/35 HPs)
             Began as a Demonspawn Chaos Knight on May 16, 2018.
             Slain by a leopard gecko (2 damage)
             ... on level 3 of the Dungeon.
             The game lasted 00:04:00 (308 turns).

Goblin1989 the Chopper (Demonspawn Chaos Knight)     Turns: 308, Time: 00:04:01

Health: -1/35      AC:  6    Str: 12    XL:     4   Next: 14%
Magic:  0/4        EV: 11    Int: 14    God:    Xom [..*...]
Gold:   18         SH:  0    Dex: 13    Spells: 3/3 levels left

rFire    . . .     SeeInvis .   a - +0 hand axe (chaos)
rCold    . . .     Gourm    .   (no shield)
rNeg     . . .     Faith    .   b - +2 leather armour
rPois    .         Spirit   +   (no helmet)
rElec    .         Reflect  .   (no cloak)
rCorr    .         Harm     .   (no gloves)
MR       .....                  f - +0 pair of boots
Stlth    +.........             (no amulet)
HPRegen  0.11/turn              (no ring)
MPRegen  0.09/turn              (no ring)

@: no status effects
A: claws 1, magic shield
a: Renounce Religion


You were on level 3 of the Dungeon.
You worshipped Xom.
You were a toy of Xom.
You were not hungry.

You visited 1 branch of the dungeon, and saw 3 of its levels.

You collected 18 gold pieces.

Inventory:

Hand Weapons
 a - a +0 hand axe of chaos (weapon)
Armour
 b - a +2 leather armour (worn)
 f - a +0 pair of boots (worn)
Scrolls
 g - a scroll of fear {unknown}
 i - a scroll of teleportation {unknown}
Potions
 h - a potion of curing {unknown}
 j - a potion of brilliance {unknown}
Comestibles
 e - a ration


   Skills:
 - Level 3.0 Fighting
 - Level 3.2 Axes
 - Level 1.7 Armour
 - Level 0.8 Dodging
 + Level 2.9 Unarmed Combat


You had 3 spell levels left.
You didn't know any spells.
Your spell library was empty.

Dungeon Overview and Level Annotations

Branches:
Dungeon (3/15)

Altars:


Innate Abilities, Weirdness & Mutations

You have sharp fingernails.
When hurt, damage is shared between your health and your magic reserves.


Message History

The leopard gecko bites you but does no damage.
You closely miss the leopard gecko.
The leopard gecko is heavily wounded.
The leopard gecko bites you but does no damage.
The leopard gecko closely misses you.
You hit the leopard gecko but do no damage.
The leopard gecko is poisoned.
The leopard gecko is heavily wounded.
The leopard gecko bites you.
You take 1 damage, and have 14/29 hp.
The leopard gecko barely misses you. The leopard gecko bites you.
* * * LOW HITPOINT WARNING * * *
You take 2 damage, and have 13/29 hp.
A rat comes into view.
The leopard gecko looks more healthy.
Found a stone staircase leading down.
An adder comes into view.
You closely miss the rat. You closely miss the leopard gecko.
The adder hisses angrily.
The leopard gecko barely misses you. The rat barely misses you.
The leopard gecko barely misses you.
You hit the rat. You burn the rat.
You kill the rat!
You closely miss the leopard gecko. The leopard gecko closely misses you.
Unknown command.
The adder bites you.
* * * LOW HITPOINT WARNING * * *
You take 3 damage, and have 10/29 hp.
You barely miss the adder. You closely miss the leopard gecko.
The adder misses you. The leopard gecko barely misses you.
The adder closely misses you. The leopard gecko closely misses you.
Unknown command.
You hit the adder. Lightning courses through the adder!
You kill the adder!
You have reached level 4!
You feel agile.
Your demonic ancestry asserts itself...
You feel your magical essence form a protective shroud around your flesh.
You hit the leopard gecko but do no damage.
The leopard gecko closely misses you.
You regained 2 hp, and now have 13/35 hp.
MP restored: 4 The leopard gecko barely misses you.
There is a stone staircase leading down here.
The leopard gecko misses you.
You climb downwards.
A goblin comes into view.
The goblin shouts!
Found a stone staircase leading down.
There is a stone staircase leading up here.
You hit the leopard gecko but do no damage.
The leopard gecko is heavily wounded.
The leopard gecko bites you.
* * * LOW HITPOINT WARNING * * *
You take 4 damage, and have 10/35 hp.
You hit the leopard gecko but do no damage.
The leopard gecko seems to speed up.
The leopard gecko is heavily wounded.
The leopard gecko bites you but does no damage.
The leopard gecko barely misses you. The leopard gecko closely misses you.
You barely miss the leopard gecko.
The leopard gecko is moderately wounded.
The leopard gecko bites you.
* * * LOW HITPOINT WARNING * * *
The leopard gecko bites you.
* * * LOW HITPOINT WARNING * * *
You take 5 damage, and have 5/35 hp.
You now have 2/4 mp.
You barely miss the leopard gecko.
The leopard gecko is moderately wounded.
You hit the goblin.
The leopard gecko bites you but does no damage.
The goblin hits you but does no damage. The leopard gecko bites you.
* * * LOW HITPOINT WARNING * * *
You take 1 damage, and have 4/35 hp.
You closely miss the leopard gecko.
The leopard gecko is moderately wounded.
You hit the goblin.
The goblin seems to speed up.
Xom almost notices you.
A monocle briefly appears over your right eye.
The goblin misses you.
The leopard gecko bites you but does no damage.
The goblin closely misses you. The leopard gecko barely misses you.
You barely miss the leopard gecko.
The leopard gecko is moderately wounded.
You hit the goblin.
You kill the goblin!
The leopard gecko bites you.
The leopard gecko completely misses you.
You now have 1/4 mp.
You closely miss the leopard gecko.
The leopard gecko is moderately wounded.
The leopard gecko barely misses you.
The leopard gecko bites you but does no damage.
You hit the leopard gecko.
The leopard gecko is severely wounded.
The leopard gecko bites you.
* * * LOW HITPOINT WARNING * * *
The leopard gecko bites you.
You die... "What!?
That's it?" █████████

█........
█l.......
█@.......
█.†......
....>.?██
██.....██
......█
█.....█


███████ You could see a leopard gecko.

Vanquished Creatures
  A crimson imp (D:2)
  An adder (D:2)
  2 dart slugs (D:1)
  2 ball pythons
  A bat (D:2)
  3 giant cockroaches
  A hobgoblin (D:1)
  3 jackals (D:2)
  5 kobolds
  6 frilled lizards (D:2)
  2 goblins
  6 rats
33 creatures vanquished.

Notes
Turn   | Place    | Note
-------+----------+-------------------------------------------
     0 | D:1      | Goblin1989 the Demonspawn Chaos Knight began the quest for the Orb.
     0 | D:1      | Reached XP level 1. HP: 18/18 MP: 1/1
    34 | D:1      | Gained mutation: You have sharp fingernails. [demonic ancestry]
    34 | D:1      | Reached XP level 2. HP: 11/24 MP: 2/2
   120 | D:1      | Reached skill level 1 in Unarmed Combat
   213 | D:2      | Noticed a crimson imp
   214 | D:2      | XOM: harmless Ice miscast
   218 | D:2      | Killed a crimson imp
   218 | D:2      | Reached XP level 3. HP: 16/29 MP: 3/3
   293 | D:2      | Gained mutation: When hurt, damage is shared between your health and your magic reserves. [demonic ancestry]
   293 | D:2      | Reached XP level 4. HP: 13/35 MP: 4/4
   305 | D:3      | XOM: silly message
   308 | D:3      | HP: 1/35 [leopard gecko (4)]
   308 | D:3      | Slain by a leopard gecko

Vault maps used:
D:1:      minmay_arrival_glassed_features
D:2:      first_ration, minmay_lizard_pond
D:3:      bloody_makhleb, grunt_ministairs_4, uniq_sigmund, uniq_robin

Skill      XL: |  1  2 |
---------------+-------+-----
Axes           | 3 |  3.2
Unarmed Combat | 2 |  2.9
Fighting       | |  3.0
Armour         | |  1.7
Dodging        | |  0.8

Action                   |  1- 3 |  4- 6 || total
-------------------------+-------+-------++-------
Melee: Hand axe          |    74 |     8 ||    82
Armor: Leather armour    |    43 |     5 ||    48
Dodge: Dodged            |    75 |    10 ||    85

Table legend:
 A = Spawn XP
 B = Non-spawn XP
 C = Spawn XP percentage of total XP
 D = Spawn monster count
 E = Non-spawn monster count
 F = Spawn count percentage of total count
 G = Total turns spent on level
                    A         B        C        D         E        F      G
               +---------+---------+-------+---------+---------+-------+---------
         Total |       0 |     111 |   0.0 |       0 |      33 |   0.0 |   308
               +---------+---------+-------+---------+---------+-------+---------
           D:1 |       0 |      24 |   0.0 |       0 |      13 |   0.0 |   132
           D:2 |       0 |      85 |   0.0 |       0 |      19 |   0.0 |   168
           D:3 |       0 |       2 |   0.0 |       0 |       1 |   0.0 |     8
               +---------+---------+-------+---------+---------+-------+---------

Vault maps used:
D:1:      minmay_arrival_glassed_features
D:2:      first_ration, minmay_lizard_pond
D:3:      bloody_makhleb, grunt_ministairs_4, uniq_sigmund, uniq_robin
